 Dungeon Crawl Stone Soup version 0.29-a0-824-gd827844252 (webtiles) character file.

Game seed: 4819098686455677481

1338446 Zappman123 the Ruinous (level 27, 161/177 HPs)
             Began as a Tengu Air Elementalist on July 8, 2022.
             Was the Champion of Vehumet.
             Escaped with the Orb
             ... and 3 runes on July 9, 2022!
             The game lasted 03:34:02 (113514 turns).

Zappman123 the Ruinous (Tengu Air Elementalist)   Turns: 113514, Time: 03:34:02

Health: 161/177    AC: 30    Str: 17    XL:     27
Magic:  44/44      EV: 26    Int: 27    God:    Vehumet [******]
Gold:   2230       SH: 22    Dex: 17    Spells: 5/58 levels left

rFire   + + .      SeeInvis +   a - staff of air
rCold   + + .      Faith    .   R - +2 kite shield of Wu Jian's Envy {Int+7}
rNeg    . . .      Spirit   +   g - +8 ice dragon scales
rPois   +          Reflect  +   O - +2 hat of the Bear Spirit {Spirit, *Rage Will++}
rElec   +          Harm     .   (no cloak)
rCorr   +          Rampage  .   Y - +2 pair of gloves
Will    ++++.      Rage     20% (boots unavailable)
Stlth   +.........              t - amulet of reflection
HPRegen 0.39/turn               d - ring of Herumun {rPois rF++ EV+4 Str-5}
MPRegen 0.29/turn               l - ring of Henotheism {rCorr Str+8 SInv}

@: flying quickly and evasively, studying Staves, quick
A: beak, talons 3, nimble flight, camouflage 1, clumsy 1, fire resistance 1,
passive freeze
0: Orb of Zot
}: 3/15 runes: barnacled, silver, gossamer
a: Renounce Religion


You escaped.
You worshipped Vehumet.
Vehumet was exalted by your worship.
You visited 10 branches of the dungeon, and saw 49 of its levels.
You also visited: Sewer, Bailey, Gauntlet and Ice Cave.

You collected 8109 gold pieces.
You spent 5879 gold pieces at shops.

Inventory:

Hand Weapons
 c - a +9 vorpal spear
Missiles
 x - 9 curare-tipped darts (quivered)
Armour
 g - +8 ice dragon scales (worn)
 H - the +1 cloak of Starlight {*Dazzle EV+4 Stlth--}
   (You bought it in a shop on level 1 of the Shoals)

   It may blind those who miss an attack against the wearer in melee combat.
   EV:        It affects your evasion (+4).
   Stlth:     It makes you much less stealthy.
 O - the +2 hat of the Bear Spirit (worn) {Spirit, *Rage Will++}
   (You found it on level 6 of the Lair of Beasts)

   Going berserk makes the wearer tougher, and they're slowed less afterward.
   *Rage:     It berserks you when you make melee attacks (+20% chance).
   Will:      It greatly increases your willpower.
 R - the +2 kite shield of Wu Jian's Envy (worn) {Int+7}
   (You acquired it on level 15 of the Dungeon)

   Int:       It affects your intelligence (+7).
 Y - a +2 pair of gloves (worn)
Magical Staves
 a - a staff of air (weapon)
 b - a staff of conjuration
Jewellery
 d - the ring of Herumun (left hand) {rPois rF++ EV+4 Str-5}
   (You found it in a Gauntlet)

   [ring of evasion]

   EV:        It affects your evasion (+4).
   Str:       It affects your strength (-5).
   rF:        It greatly protects you from fire.
   rPois:     It protects you from poison.
 l - the ring of Henotheism (right hand) {rCorr Str+8 SInv}
   (You took it off a deep elf archer on level 3 of the Elven Halls)

   [ring of resist corrosion]

   Str:       It affects your strength (+8).
   SInv:      It lets you see invisible.
   rCorr:     It protects you from acid and corrosion.
 t - an amulet of reflection (around neck)
Wands
 E - a wand of paralysis (32)
 K - a wand of iceblast (31)
 L - a wand of light (21)
 Q - a wand of digging (3)
 X - a wand of mindburst (24)
Scrolls
 h - a scroll of acquirement
 i - 7 scrolls of amnesia
 n - 8 scrolls of teleportation
 p - 4 scrolls of vulnerability
 y - 2 scrolls of magic mapping
 A - 7 scrolls of fog
 B - 2 scrolls of blinking
 D - 2 scrolls of summoning
 F - 2 scrolls of torment
 J - 6 scrolls of poison
 S - 10 scrolls of fear
 W - 6 scrolls of immolation
Potions
 e - 10 potions of mutation
 o - 18 potions of curing
 r - 3 potions of ambrosia
 s - 4 potions of brilliance
 u - 2 potions of lignification
 w - a potion of magic
 V - a potion of invisibility
 Z - 4 potions of heal wounds
Miscellaneous
 j - a lightning rod (4/4)
 k - a tin of tremorstones (2/2)
 m - a condenser vane
 q - a phantom mirror (inert)
 v - a box of beasts (inert)
 z - a phial of floods


   Skills:
 + Level 19.4 Fighting
 - Level 14.0 Staves
 - Level 18.0 Armour
 - Level 18.0 Dodging
 - Level 2.0 Stealth
 - Level 18.0 Shields
 - Level 16.0 Spellcasting
 - Level 22.0 Conjurations
 - Level 4.0 Summonings
 - Level 11.2 Necromancy
 - Level 6.0 Translocations
 - Level 18.0 Air Magic
 - Level 12.0 Earth Magic
 - Level 8.0 Evocations


You had 5 spell levels left.
You knew the following spells:

 Your Spells              Type           Power      Damage    Failure   Level
a - Lightning Bolt        Conj/Air       57%        1d79      1%          5
b - Summon Lightning Spi  Summ/Air       88%        N/A       1%          4
c - Borgnjor's Vile Clut  Necr/Erth      35%        N/A       2%          5
d - Dispel Undead         Necr           70%        3d24      1%          4
e - Airstrike             Air            54%        0-17+     1%          4
h - Irradiate             Conj/Tmut      34%        3d24      1%          5
i - Orb of Destruction    Conj           48%        9d13      1%          7
q - Iron Shot             Conj/Erth      42%        9d8       1%          6
s - Swiftness             Air            100%       N/A       0%          3
x - Sublimation of Blood  Necr           70%        N/A       1%          2
z - Conjure Ball Lightni  Conj/Air       57%        3x3d21    1%          6
C - Blink                 Tloc           100%       N/A       1%          2

Your spell library contained the following spells:

 Spells                   Type           Power      Damage    Failure   Level
 Polar Vortex             Ice            10%        N/A       100%        9
 Shatter                  Erth           36%        3d29*     100%        9
 Shock                    Conj/Air       100%       1d9       0%          1
 Static Discharge         Conj/Air       100%       3-16/arc  0%          2
 Apportation              Tloc           100%       N/A       1%          1
 Necrotise                Necr           100%       1d9       1%          1
 Summon Small Mammal      Summ           100%       N/A       1%          1
 Poisonous Vapours        Pois/Air       100%       N/A       1%          2
 Conjure Flame            Conj/Fire      69%        6-21      1%          3
 Dazzling Flash           Conj/Hex       100%       N/A       1%          3
 Mephitic Cloud           Conj/Pois/Air  96%        N/A       1%          3
 Animate Dead             Necr           70%        N/A       1%          4
 Flame Wave               Conj/Fire      69%        2d13      1%          4
 Fulminant Prism          Conj/Hex       34%        3d16      1%          4
 Iskenderun's Mystic Bla  Conj/Tloc      77%        2d15      1%          4
 Sticky Flame             Conj/Fire      69%        2d8       1%          4
 Fireball                 Conj/Fire      34%        3d14      1%          5
 Freezing Cloud           Conj/Ice/Air   48%        6-21      1%          5
 Iskenderun's Battlesphe  Conj           96%        2d14      1%          5
 Lee's Rapid Deconstruct  Erth           36%        3d19*     1%          5
 Gell's Gravitas          Tloc           52%        N/A       2%          3
 Lesser Beckoning         Tloc           52%        N/A       2%          3
 Teleport Other           Tloc           52%        N/A       2%          3
 Animate Armour           Summ/Erth      100%       N/A       3%          4
 Scorch                   Fire           42%        2d7       4%          2
 Call Canine Familiar     Summ           43%        N/A       5%          3
 Silence                  Hex/Air        40%        N/A       6%          5
 Ignite Poison            Fire/Tmut/Pois 21%        N/A       7%          3
 Inner Flame              Hex/Fire       21%        N/A       7%          3
 Portal Projectile        Hex/Tloc       74%        N/A       8%          3
 Leda's Liquefaction      Hex/Erth       26%        N/A       8%          4
 Passage of Golubria      Tloc           52%        N/A       8%          4
 Petrify                  Tmut/Erth      52%        N/A       8%          4
 Slow                     Hex            84%        N/A       9%          1
 Sting                    Tmut/Pois      84%        1d7       9%          1
 Anguish                  Hex/Necr       25%        N/A       9%          4
 Summon Guardian Golem    Hex/Summ       32%        N/A       12%         3
 Ensorcelled Hibernation  Hex/Ice        42%        N/A       14%         2
 Wereblood                Tmut           21%        N/A       14%         2
 Olgreb's Toxic Radiance  Pois           21%        N/A       22%         4
 Manifold Assault         Tloc           52%        N/A       22%         5
 Confusing Touch          Hex            21%        N/A       26%         3
 Ozocubu's Armour         Ice            21%        N/A       26%         3
 Spider Form              Tmut/Pois      21%        N/A       26%         3
 Summon Forest            Summ/Tloc      24%        N/A       32%         5
 Summon Ice Beast         Ice/Summ       32%        N/A       36%         4
 Yara's Violent Unravell  Hex/Tmut       10%        3d6       50%         5
 Cause Fear               Hex            10%        N/A       65%         4
 Summon Mana Viper        Hex/Summ       32%        N/A       73%         5
 Blade Hands              Tmut           10%        N/A       94%         5
 Starburst                Conj/Fire      34%        6d10      4%          6
 Death Channel            Necr           35%        N/A       14%         6
 Lehudib's Crystal Spear  Conj/Erth      42%        10d10     16%         8
 Dispersal                Tloc           26%        N/A       75%         6
 Statue Form              Tmut/Erth      34%        N/A       75%         6
 Storm Form               Tmut/Air       40%        N/A       88%         7
 Summon Cactus Giant      Summ           21%        N/A       95%         6
 Eringya's Noxious Bog    Tmut/Pois      10%        N/A       96%         6
 Haunt                    Necr/Summ      29%        N/A       98%         7
 Infestation              Necr           35%        N/A       99%         8
 Dragon Form              Tmut           10%        N/A       100%        7
 Enfeeble                 Hex            10%        N/A       100%        7
 Monstrous Menagerie      Summ           21%        N/A       100%        7
 Ozocubu's Refrigeration  Ice            10%        4d7       100%        7
 Summon Hydra             Summ           21%        N/A       100%        7
 Discord                  Hex            10%        N/A       100%        8
 Disjunction              Tloc           26%        N/A       100%        8
 Dragon's Call            Summ           21%        N/A       100%        9


Dungeon Overview and Level Annotations

Branches:
Dungeon (15/15)            Temple (1/1) D:4            Lair (6/6) D:11
 Shoals (4/4) Lair:3       Spider (4/4) Lair:2        Slime (0/5) Lair:5
    Orc (2/2) D:9             Elf (3/3) Orc:2        Vaults (5/5) D:14
  Crypt (0/3) Vaults:2     Depths (4/4) D:15            Zot (5/5) Depths:4
  Sewer (visited)          Bailey (visited)           IceCv (visited)
Gauntlet (visited)

Altars:
Ashenzari
Cheibriados
Dithmenos
Elyvilon
Fedhas
Gozag
Hepliaklqana
Kikubaaqudgha
Makhleb
Nemelex Xobeh
Okawaru
Qazlal
Ru
Sif Muna
Trog
Uskayaw
Vehumet
Wu Jian
Xom
Yredelemnul
Zin
The Shining One
Jiyva

Shops:
D:8 *   Orc:2 [(((   Elf:2 *=   Elf:3 :   Shoals:1 =[   Shoals:3 *   Shoals:4 [
Vaults:4 [   Vaults:5 !?   Depths:1 :=::

Portals:
Hell: Depths:1 Depths:2 Depths:3 Depths:4
Abyss: Depths:3 Depths:4
Pandemonium: Depths:2
Ziggurat: Depths:1

Annotations:
D:6 2 transporters, PaleRider's ghost, novice DECj
D:11 3 runed translucent doors, Megustar's ghost, journeyman DEFE
D:15 1 exclusion
Lair:2 1 runed translucent door, Vorhees's ghost, journeyman TrGl
Lair:3 3 runed translucent doors, Vorhees's ghost, journeyman TrGl
Shoals:1 3 runed translucent doors, Yzyom's ghost, journeyman FeBe
Elf:1 3 runed translucent doors, Zoiloeb's ghost, adept CeHu
Vaults:3 2 transporters, Aclimpov's ghost, adept GrEE
Zot:5 3 exclusions


Innate Abilities, Weirdness & Mutations

You have a beak for a mouth.
You have claws for feet.
Your magical nature lets you fly swiftly and evasively.
Your skin changes colour to match your surroundings (Stealth+).
You are clumsy. (Dex -2)
Your flesh is heat resistant. (rF+)
A frigid envelope surrounds you and freezes all who hurt you.


Message History

There is a stone staircase leading down here.
You feel yourself slow down.
You see here 4 stones.
You start to feel a little faster.
You start to feel less resistant.
There is a stone staircase leading up here.
You no longer feel sluggish.
You fly upwards.
Your resistance to elements expires.
Magic restored.
There is a stone staircase leading down here.
Unknown command.
Aiming: Dig
Press: ? - help, Shift-Dir - straight line A rock wall.
This square is covered in magical glow.
The rock shatters into small pieces.
Hit: a) staff of air
Press: ? - help, Dir - move target There's something in the way.
Aiming: Dig
Press: ? - help, Shift-Dir - straight line A rock wall.
This square is covered in magical glow.
The rock shatters into small pieces.
There is an open door here.
An Orb Guardian comes into view.
There is an open door here.
Unknown command.
There is an open door here.
There is a staircase leading out of the dungeon here.
Okay, then.
Search for what [Enter for "chain lightning", or ? for help]?
Can't find anything matching that.
You are a level 27 Tengu Air Elementalist.
I'm sorry, level 27 is as high as you can go.
With the way you've been playing, I'm surprised you got this far.
Play time: 03:33:50 (113513 turns).
You are forever immune to Zot's power.
Unknown command.
You have escaped!

#.##.# #.# #.# #.# #.### #.##.#
#.# #.# #.# #.# ##.##.#####.# #'#
#.# #.# ##.#........# #.# ##.##
#.### .#.#..####### #+# #...#
#.#.. #..#..# #.# #.#.## #.#.#
##.#..##### ##'###....# #.#.#
##........#####...#####.# #....
...#.####.'.'.X.@.'.'.'.# #....
.###.....######...####### ##.).
.# ###........##'## #.# ##.# .##
##.#.#######.####.#########.#
..###....#######'#...............
..............##.#....####.#.....
..##..>###.##.##'#.........#.####
.......# #............######.#
.###...###.#.##.#.#.### #.#


You could see an Orb Guardian.

Vanquished Creatures
  2 dread liches
  5 ancient liches
  3 orbs of fire
  Mennas (Depths:3)
  Sojobo (Vaults:5)
  6 Killer Klowns
  Bai Suzhen (Vaults:2)
  Saint Roka (Vaults:5)
  Margery (Vaults:5)
  A curse toe (Zot:5)
  A shard shrike (Zot:5)
  11 golden dragons
  Arachne (Spider:3)
  Jory (Vaults:5)
  2 bone dragons (Zot:1)
  An iron giant (Zot:5)
  3 electric golems
  Rupert (Lair:6)
  12 tentacled monstrosities
  An Ice Fiend (IceCv)
  3 liches
  4 titans (Vaults:5)
  A quicksilver dragon (Vaults:5)
  21 Orb Guardians
  3 deep elf master archers (Elf:3)
  3 deep elf blademasters
  5 sphinxes
  9 shadow dragons
  Polyphemus (Shoals:4)
  3 krakens
  10 storm dragons
  Roxanne (Shoals:4)
  Donald (Spider:2)
  6 death cobs
  Kirke (Spider:2)
  An azure jelly (D:14)
  8 draconian monks
  5 tengu reavers
  6 fire giants
  7 draconian knights
  13 frost giants
  2 iron dragons
  Aizul (Spider:3)
  7 deep elf sorcerers (Elf:3)
  6 draconian scorchers
  2 emperor scorpions
  11 ghost moths
  17 vault wardens
  8 draconian shifters
  Louise (Shoals:4)
  4 orc warlords
  3 draconian stormcallers
  4 draconian annihilators
  5 deep elf elementalists (Elf:3)
  21 very ugly things
  20 ironbound preservers
  3 ironbound thunderhulks
  3 spriggan defenders
  5 war gargoyles
  2 vampire knights
  15 stone giants
  12 black draconians
  9 green draconians
  Azrael (Elf:2)
  2 deep elf demonologists (Elf:3)
  12 yellow draconians
  11 red draconians
  A minotaur (Gauntlet)
  8 purple draconians
  4 entropy weavers
  11 dire elephants (Vaults:1)
  6 deep elf annihilators
  13 white draconians
  3 spark wasps
  9 ettins
  A crystal guardian (Vaults:1)
  A jiangshi (Vaults:2)
  8 deep elf death magi
  6 merfolk impalers
  16 yaktaur captains
  3 great orbs of eyes
  5 fire dragons
  2 merfolk javelineers (Shoals:4)
  2 hell beasts (Depths:1)
  9 deep elf high priests
  A peacekeeper (Vaults:1)
  11 hydras
  4 alligator snapping turtles (Shoals:4)
  11 boulder beetles
  29 vault guards
  A ghost crab (Spider:2)
  7 ice dragons
  2 radroaches (Spider:2)
  A catoblepas (shapeshifter) (Vaults:5)
  4 rakshasas (Depths:2)
  6 jorogumos
  2 catoblepae
  2 ogre magi
  12 merfolk aquamancers
  7 merfolk avatars
  7 spriggan air magi
  8 ironbound frosthearts
  19 centaur warriors
  2 satyrs (Shoals:3)
  13 two-headed ogres
  28 dancing weapons
  13 death yaks
  6 tengu warriors
  A deep troll shaman (Depths:2)
  2 deep troll earth magi
  4 spriggan berserkers
  4 orc high priests (Orc:2)
  2 vampire magi
  4 hell knights (Vaults:5)
  19 deep elf knights
  Urug (D:11)
  A salamander mystic (Depths:4)
  6 skeletal warriors
  4 iron trolls
  3 pharaoh ants
  A sun moth (Spider:2)
  52 deep trolls
  A flayed ghost (Depths:2)
  7 steelbarb worms
  21 sea snakes
  4 glowing orange brains
  A bog body (IceCv)
  10 orb spiders
  16 deep elf archers
  5 lindwurms
  13 wizards
  A wolf spider zombie (D:15)
  15 ironbound convokers
  4 phantasmal warriors
  15 orc knights
  A stone giant zombie (Vaults:3)
  25 deep elf pyromancers
  5 necromancers
  39 ugly things
  31 harpies
  An obsidian statue (IceCv)
  41 deep elf zephyrmancers
  7 cyclopes
  3 orc sorcerers (Orc:2)
  27 wolf spiders
  17 manticores
  3 salamanders (Depths:4)
  7 merfolk sirens
  A moth of wrath (shapeshifter) (D:14)
  6 fauns
  2 fire giant zombies (Depths:1)
  A black mamba (shapeshifter) (Vaults:5)
  19 elephants
  22 moths of wrath
  4 black mambas
  3 centaur zombies (D:15)
  19 vault sentinels
  7 water nymphs
  A smoke demon (D:7)
  2 hellions (Gauntlet)
  2 unseen horrors
  A gargoyle (D:11)
  8 torpor snails
  8 cane toads
  8 demonic crawlers
  2 kobold demonologists
  7 rime drakes
  An efreet (D:14)
  5 ice devils (IceCv)
  46 yaktaurs
  10 freezing wraiths
  A komodo dragon (shapeshifter) (Elf:2)
  9 komodo dragons
  4 entropy weaver simulacra (IceCv)
  10 meliai
  A red devil (Gauntlet)
  10 trolls
  9 polar bears (Lair:6)
  24 tarantellas
  10 hornets
  3 tyrant leeches (Spider:2)
  A tarantella (shapeshifter) (Vaults:5)
  33 merfolk
  4 snapping turtles
  16 slime creatures
  Grinder (D:3)
  3 raiju (Lair:6)
  13 blink frogs
  13 dream sheep
  8 wind drakes
  A frost giant simulacrum (Depths:1)
  A meliai zombie (D:15)
  3 centaur simulacra (D:15)
  21 jumping spiders
  2 air elementals (Elf:2)
  11 culicivoras
  A flying skull (Vaults:2)
  9 spriggans
  53 yaks
  10 wyverns
  2 vampires
  27 water elementals
  3 dire elephant simulacra (IceCv)
  4 fire elementals
  A shadow (D:10)
  3 steam dragons
  3 basilisks
  Grum (Lair:1)
  33 redbacks
  3 fire bats (Depths:4)
  3 minotaur simulacra (IceCv)
  4 wraiths
  16 vampire mosquitoes
  A yaktaur simulacrum (Vaults:3)
  6 hogs (Spider:2)
  Menkaure (D:7)
  An acid dragon (D:12)
  Edmund (D:6)
  A harpy simulacrum (IceCv)
  12 wargs
  12 water moccasins
  A floating eye (Depths:4)
  A glowing shapeshifter skeleton (Depths:1)
  13 black bears
  22 hell hounds
  A human zombie (Vaults:3)
  56 orc warriors
  An ettin simulacrum (IceCv)
  31 wolves
  21 ogres
  5 boggarts (D:15)
  27 centaurs
  5 kobold brigands
  2 gnoll sergeants
  10 scorpions
  2 deep troll simulacra (IceCv)
  10 bullfrogs
  3 earth elementals
  8 wights
  A human simulacrum (Vaults:3)
  A lindwurm simulacrum (IceCv)
  4 electric eels
  5 howler monkeys
  2 gnoll boudas
  35 orc priests
  3 hounds
  7 jellies
  2 iguanas
  26 orc wizards
  23 gnolls
  8 adders
  2 river rats (Sewer)
  A white imp (D:6)
  An ufetubus (D:7)
  4 worms
  4 dart slugs
  99 orcs
  6 ball pythons
  19 endoplasms
  7 giant cockroaches
  7 goblins
  6 hobgoblins
  10 jackals
  16 kobolds
  5 quokkas
  2 bats (D:1)
  7 frilled lizards
  5 rats
  A ball lightning (Elf:3)
  A fire vortex (D:6)
  5 tentacles
2235 creatures vanquished.

Vanquished Creatures (collateral kills)
  Asterion (Depths:2)
  An Orb Guardian (Zot:5)
  A storm dragon (Zot:3)
  A sphinx (Vaults:2)
  Agnes (Spider:4)
  A tengu reaver (Depths:2)
  A draconian monk (Zot:3)
  An orc warlord (Vaults:2)
  An ironbound preserver (Vaults:4)
  A reaper (Depths:1)
  2 very ugly things (Depths:3)
  An entropy weaver (Spider:4)
  2 green draconians
  2 purple draconians
  A white draconian (Zot:4)
  A red draconian (Zot:5)
  A fire dragon (Depths:2)
  A rakshasa (Depths:2)
  A vault guard (Vaults:4)
  2 centaur warriors
  An iron troll (Depths:2)
  A sea snake (Shoals:4)
  An orb spider (Spider:4)
  A deep elf archer (Elf:1)
  A deep elf zephyrmancer (Elf:2)
  An ironbound convoker (Vaults:4)
  An ugly thing (Depths:3)
  A wolf spider (Spider:4)
  A moth of wrath (shapeshifter) (Vaults:5)
  2 vault sentinels
  A demonic crawler (Lair:2)
  A merfolk (Shoals:4)
  A snapping turtle (Shoals:4)
  A jumping spider (Spider:4)
  A culicivora (Spider:4)
  A water elemental (Shoals:4)
  A centaur (D:14)
  15 ball lightnings
57 creatures vanquished.

Vanquished Creatures (others)
  2 black draconians (Zot:4)
  A spark wasp (Zot:4)
  A deep elf knight (Elf:2)
  A wizard (Vaults:4)
  A harpy (Shoals:2)
  A moth of wrath (Zot:4)
  A tyrant leech (Spider:2)
  A human (Spider:2)
  An orc priest (Orc:2)
  577 ball lightnings
  53 fungi
  193 plants
  15 tentacles
  9 withered plants
857 creatures vanquished.

Grand Total: 3149 creatures vanquished

Notes
Turn   | Place    | Note
-------+----------+-------------------------------------------
     0 | D:1      | Zappman123 the Tengu Air Elementalist began the quest for
                  | the Orb.
     0 | D:1      | Reached XP level 1. HP: 10/10 MP: 4/4
   200 | D:1      | Reached skill level 2 in Conjurations
   303 | D:1      | Reached XP level 2. HP: 15/15 MP: 1/6
   306 | D:1      | Learned a level 2 spell: Static Discharge
   688 | D:1      | Reached skill level 3 in Conjurations
   804 | D:1      | Found a faded altar of an unknown god.
   807 | D:1      | Got Plato's Teachings on Variation
   869 | D:1      | Reached XP level 3. HP: 19/19 MP: 4/7
   873 | D:1      | Learned a level 3 spell: Swiftness
  1565 | D:2      | Reached skill level 4 in Conjurations
  1565 | D:2      | Reached XP level 4. HP: 9/24 MP: 2/8
  1943 | D:2      | Reached skill level 5 in Air Magic
  2660 | D:3      | Found a glowing drain.
  2664 | Sewer    | Entered a sewer
  2901 | Sewer    | Reached skill level 5 in Conjurations
  2901 | Sewer    | Gained mutation: Your magical nature lets you fly swiftly
                  | and evasively. [Tengu growth]
  2901 | Sewer    | Reached XP level 5. HP: 28/28 MP: 3/9
  3387 | Sewer    | Reached XP level 6. HP: 32/32 MP: 7/11
  3448 | Sewer    | Found a viscous altar of Jiyva.
  3500 | Sewer    | Reached skill level 6 in Conjurations
  3835 | D:3      | Noticed Grinder
  3962 | D:3      | Paralysed by Grinder for 2 turns
  3978 | D:3      | Killed Grinder
  3979 | D:3      | Reached XP level 7. HP: 35/40 MP: 1/14
  4510 | D:3      | Learned a level 4 spell: Airstrike
  4865 | D:4      | Identified the ring of Zuw Lehy {rC+ Str+6}
  5219 | D:4      | Found a staircase to the Ecumenical Temple.
  5299 | Temple   | Entered the Ecumenical Temple
  5425 | Temple   | Became a worshipper of Vehumet
  5814 | D:5      | Entered Level 5 of the Dungeon
  5823 | D:5      | Reached XP level 8. HP: 35/48 MP: 6/15
  5933 | D:5      | Reached skill level 5 in Dodging
  6183 | D:5      | Noticed a hornet
  6640 | D:5      | Found a shimmering altar of Xom.
  6641 | D:5      | Found a hazy altar of Hepliaklqana.
  6642 | D:5      | Noticed a spectral ugly thing
  7497 | D:6      | Noticed a cyclops
  7509 | D:6      | Killed a cyclops
  7791 | D:6      | Reached XP level 9. HP: 38/52 MP: 9/16
  7928 | D:6      | Noticed Edmund
  7935 | D:6      | Killed Edmund
  8677 | D:6      | Reached skill level 10 in Dodging
  8828 | D:6      | Found a transporter.
  8833 | D:6      | Found a transporter.
  8834 | D:6      | Noticed PaleRider's ghost (novice DECj)
  9271 | D:6      | Found a basalt altar of Yredelemnul.
  9536 | D:7      | Reached skill level 5 in Fighting
  9824 | D:7      | Reached * piety under Vehumet
  9824 | D:7      | Offered knowledge of Foxfire by Vehumet.
 10134 | D:7      | Reached skill level 1 in Armour
 10172 | D:7      | Found a shimmering blue altar of Sif Muna.
 10998 | D:7      | Noticed Menkaure
 11009 | D:7      | Killed Menkaure
 11435 | D:8      | Reached skill level 5 in Armour
 11589 | D:8      | Reached XP level 10. HP: 60/60 MP: 11/17
 11932 | D:8      | Offered knowledge of Sandblast by Vehumet.
 11978 | D:8      | Found Qeeredghi's Blasphemy Boutique.
 12788 | D:9      | Reached skill level 7 in Conjurations
 12951 | D:9      | Found a flagged portal.
 12955 | D:9      | Reached ** piety under Vehumet
 12991 | Bailey   | Entered a bailey
 13014 | Bailey   | Reached skill level 5 in Spellcasting
 13333 | Bailey   | Noticed a two-headed ogre
 13343 | Bailey   | Reached skill level 8 in Conjurations
 13343 | Bailey   | Killed a two-headed ogre
 13705 | D:9      | Offered knowledge of Inner Flame by Vehumet.
 13882 | D:9      | Reached XP level 11. HP: 62/64 MP: 14/21
 13908 | D:9      | Reached skill level 10 in Air Magic
 14102 | D:9      | Found a staircase to the Orcish Mines.
 14299 | D:9      | Reached *** piety under Vehumet
 14876 | D:9      | Paralysed by a hornet for 1 turns
 15285 | D:10     | Entered Level 10 of the Dungeon
 15607 | D:10     | Found a large runed translucent door.
 15657 | D:10     | Found a large runed translucent door.
 16932 | D:10     | Found a hide-covered altar of Uskayaw.
 16965 | D:10     | Found a stormy altar of Qazlal.
 17354 | D:11     | Noticed a manticore
 17355 | D:11     | Noticed a boulder beetle
 17360 | D:11     | Noticed Megustar's ghost (journeyman DEFE)
 17416 | D:11     | Noticed a boulder beetle
 17429 | D:11     | Killed a boulder beetle
 17522 | D:11     | Identified the +1 chain mail of the Past {Int+6}
 17605 | D:11     | Noticed a centaur warrior
 17610 | D:11     | Noticed a cyclops
 17613 | D:11     | Killed a centaur warrior
 17647 | D:11     | Noticed a two-headed ogre
 17657 | D:10     | Reached XP level 12. HP: 39/70 MP: 12/22
 18017 | D:11     | Noticed Urug
 18023 | D:11     | Killed Urug
 18474 | D:11     | Noticed a boulder beetle
 18475 | D:11     | Identified a scroll of acquirement
 18677 | D:11     | Offered knowledge of Olgreb's Toxic Radiance by Vehumet.
 18709 | D:11     | Killed a two-headed ogre
 18840 | D:11     | Killed a boulder beetle
 19039 | D:11     | Found a staircase to the Lair.
 19109 | D:11     | Found a runed translucent gate.
 19109 | D:11     | Found a runed translucent gate.
 19110 | D:11     | Found a runed translucent gate.
 19123 | D:11     | Noticed a two-headed ogre
 19409 | D:11     | Acquired a staff of air
 20778 | D:12     | Noticed a two-headed ogre
 20783 | D:12     | Killed a two-headed ogre
 21348 | Lair:1   | Entered Level 1 of the Lair of Beasts
 21359 | Lair:1   | Reached **** piety under Vehumet
 21614 | Lair:1   | Offered knowledge of Frozen Ramparts by Vehumet.
 21655 | Lair:1   | Noticed Grum
 21671 | Lair:1   | Killed Grum
 21672 | Lair:1   | Reached XP level 13. HP: 81/81 MP: 4/23
 21678 | Lair:1   | Reached skill level 9 in Conjurations
 23123 | Lair:2   | Reached skill level 10 in Fighting
 23580 | Lair:2   | Found a hole to the Spider Nest.
 23689 | Lair:2   | Found a runed translucent door.
 23694 | Lair:2   | Noticed Vorhees's ghost (journeyman TrGl)
 23870 | Lair:3   | Found a staircase to the Shoals.
 24044 | Lair:3   | Identified the +8 dagger of Asyeq {drain, Will++ Str+3}
 24276 | Lair:3   | Reached skill level 10 in Conjurations
 24938 | Lair:3   | Found a runed translucent gate.
 24941 | Lair:3   | Found a runed translucent gate.
 24942 | Lair:3   | Found a runed translucent gate.
 24944 | Lair:3   | Noticed Vorhees's ghost (journeyman TrGl)
 25351 | Lair:3   | Found a viscous altar of Jiyva.
 26120 | Lair:4   | Reached skill level 15 in Air Magic
 26195 | Lair:4   | Reached skill level 1 in Shields
 26819 | Lair:4   | HP: 8/82 [boulder beetle (23)]
 27733 | Lair:5   | Reached skill level 5 in Shields
 27908 | Lair:5   | Reached XP level 14. HP: 84/88 MP: 10/27
 28690 | Lair:5   | Found a staircase to the Slime Pits.
 28792 | Lair:6   | Entered Level 6 of the Lair of Beasts
 28792 | Lair:6   | Noticed Rupert
 28803 | Lair:6   | Killed Rupert
 28904 | Lair:6   | Reached ***** piety under Vehumet
 28904 | Lair:6   | Offered knowledge of Orb of Destruction by Vehumet.
 28913 | Lair:6   | Learned a level 7 spell: Orb of Destruction
 30109 | Lair:6   | Reached skill level 10 in Shields
 31653 | Lair:6   | Offered knowledge of Yara's Violent Unravelling by Vehumet.
 31831 | Lair:6   | Identified the +2 robe of Wupupt {Fly}
 31846 | Lair:6   | Reached XP level 15. HP: 55/92 MP: 17/28
 31849 | Lair:6   | Reached skill level 11 in Conjurations
 32657 | Lair:6   | Reached skill level 12 in Conjurations
 33327 | Lair:6   | Reached skill level 13 in Conjurations
 34130 | Lair:6   | Found the +2 hat of the Bear Spirit {Spirit, *Rage Will++}
 34374 | Orc:1    | Entered Level 1 of the Orcish Mines
 34813 | Orc:2    | Entered Level 2 of the Orcish Mines
 34816 | Orc:2    | Offered knowledge of Starburst by Vehumet.
 35029 | Orc:2    | Reached skill level 14 in Conjurations
 35872 | Orc:2    | Found Mablu's Antique Armour Boutique.
 36482 | Orc:2    | Found Wapreage's Weapon Shop.
 37396 | Orc:2    | Noticed an orc warlord
 37409 | Orc:2    | Offered knowledge of Conjure Ball Lightning by Vehumet.
 37501 | Orc:2    | Killed an orc warlord
 37526 | Orc:2    | Learned a level 6 spell: Conjure Ball Lightning
 38103 | Orc:2    | Found Hienat's Antique Weapon Shop.
 38320 | Orc:2    | Found Xacoh's Antique Weapon Emporium.
 38415 | Orc:2    | Reached skill level 10 in Spellcasting
 38656 | Orc:2    | Found a staircase to the Elven Halls.
 38748 | Orc:2    | Bought a spiked cloak for 313 gold pieces
 38748 | Orc:2    | Identified the +0 cloak "Sepe Poa" {rPois} (You bought it
                  | in a shop on level 2 of the Orcish Mines)
 38748 | Orc:2    | Bought a faintly humming plate armour for 924 gold pieces
 38748 | Orc:2    | Identified the +2 plate armour "Kuedd" {rN+ Stlth+} (You
                  | bought it in a shop on level 2 of the Orcish Mines)
 38748 | Orc:2    | Bought an agate-encrusted chain mail for 313 gold pieces
 38748 | Orc:2    | Identified the +2 chain mail "Calic" {rPois} (You bought it
                  | in a shop on level 2 of the Orcish Mines)
 38770 | Orc:2    | Bought a pitted leather armour for 231 gold pieces
 38770 | Orc:2    | Identified the +2 leather armour of Carved Music {rPois rF-
                  | Slay+3} (You bought it in a shop on level 2 of the Orcish
                  | Mines)
 39097 | Lair:6   | Acquired the ring "Deal" {Wiz Dex+4}
 39101 | Lair:6   | Acquired 552 gold pieces
 39265 | Shoals:1 | Entered Level 1 of the Shoals
 39313 | Shoals:1 | Reached skill level 15 in Conjurations
 39825 | Shoals:1 | Found Dazish's Jewellery Boutique.
 40070 | Shoals:1 | Reached XP level 16. HP: 97/97 MP: 14/31
 40566 | Shoals:1 | Found a runed translucent gate.
 40566 | Shoals:1 | Found a runed translucent gate.
 40567 | Shoals:1 | Found a runed translucent gate.
 40567 | Shoals:1 | Noticed Yzyom's ghost (journeyman FeBe)
 40701 | Shoals:1 | Found Soim's Antique Armour Shop.
 40871 | Shoals:1 | Noticed a kraken
 40877 | Shoals:1 | Killed a kraken
 42726 | Shoals:2 | Identified the +6 spear "Tengu's Curse" {drain, *Noise rF++
                  | rC+ Int+2}
 42751 | Shoals:2 | Offered knowledge of Lee's Rapid Deconstruction by Vehumet.
 43550 | Shoals:2 | Noticed a kraken
 43557 | Shoals:2 | Killed a kraken
 43967 | Shoals:3 | Found Plog's General Store.
 43986 | Shoals:3 | Bought a +2 pair of gloves for 264 gold pieces
 44049 | Shoals:3 | Reached skill level 10 in Armour
 44053 | Shoals:3 | Reached skill level 15 in Dodging
 44532 | D:13     | Found a gate leading to a gauntlet.
 44672 | Gauntlet | Entered a Gauntlet
 44672 | Gauntlet | Found a large runed translucent door.
 44672 | Gauntlet | Found a large runed translucent door.
 44672 | Gauntlet | Found a large runed translucent door.
 44672 | Gauntlet | Found a large runed translucent door.
 44672 | Gauntlet | Found a large runed translucent door.
 44672 | Gauntlet | Found a large runed translucent door.
 44672 | Gauntlet | Found a runed translucent door.
 44672 | Gauntlet | Found a transporter.
 44672 | Gauntlet | Found a runed translucent door.
 44672 | Gauntlet | Found a large runed translucent door.
 44672 | Gauntlet | Found a large runed translucent door.
 44672 | Gauntlet | Found a large runed translucent door.
 44672 | Gauntlet | Found a large runed translucent door.
 44672 | Gauntlet | Found a large runed translucent door.
 44672 | Gauntlet | Found a large runed translucent door.
 44733 | Gauntlet | Found a transporter.
 44750 | Gauntlet | Found a transporter.
 44754 | Gauntlet | Found a transporter.
 44775 | Gauntlet | Found a transporter.
 44788 | Gauntlet | Found a transporter.
 44796 | Gauntlet | Found a transporter.
 44800 | Gauntlet | Found a transporter.
 44802 | Gauntlet | Found a runed translucent gate.
 44802 | Gauntlet | Found a runed translucent gate.
 44802 | Gauntlet | Found a runed translucent gate.
 44803 | Gauntlet | Found a large runed translucent door.
 44803 | Gauntlet | Found a large runed translucent door.
 44823 | Gauntlet | Found a transporter.
 44852 | Gauntlet | Found a transporter.
 44852 | Gauntlet | Found a transporter.
 44857 | Gauntlet | Found a transporter.
 44877 | Gauntlet | Found a large runed translucent door.
 44877 | Gauntlet | Found a large runed translucent door.
 44921 | Gauntlet | Identified the ring "Vainal" {Int+2 Slay+4}
 44947 | Gauntlet | Identified the ring "Fisomudgh" {Wiz Contam rCorr Int+10
                  | Dex-2}
 45075 | Gauntlet | Identified the +0 leather armour "Wametao" {Dex+2}
 45075 | Gauntlet | Identified the ring of Herumun {rPois rF++ EV+4 Str-5}
 45362 | D:11     | Learned a level 4 spell: Summon Lightning Spire
 45452 | Spider:1 | Entered Level 1 of the Spider Nest
 46210 | Shoals:1 | Bought a ring of see invisible for 285 gold pieces
 46519 | D:13     | Reached skill level 1 in Staves
 46627 | D:13     | Reached XP level 17. HP: 86/102 MP: 16/34
 46822 | D:13     | You are sucked into a shaft and drop 1 floor!
 46834 | D:14     | Found a frozen archway.
 46898 | D:14     | Reached skill level 5 in Staves
 46958 | IceCv    | Entered an ice cave
 47639 | IceCv    | Reached ****** piety under Vehumet
 47771 | IceCv    | Learned a level 5 spell: Lightning Bolt
 47775 | IceCv    | Noticed an Ice Fiend
 47780 | IceCv    | Killed an Ice Fiend
 48425 | D:14     | Offered knowledge of Fireball by Vehumet.
 48888 | D:14     | Found a gate to the Vaults.
 49377 | D:15     | Entered Level 15 of the Dungeon
 49681 | D:15     | Reached skill level 10 in Staves
 49733 | D:15     | HP: 5/102 [centaur warrior/arrow (12)]
 50695 | D:15     | Offered knowledge of Eringya's Noxious Bog by Vehumet.
 50839 | D:15     | Found a staircase to the Depths.
 51070 | D:15     | Acquired the +2 kite shield of Wu Jian's Envy {Int+7}
 52971 | Spider:2 | Reached XP level 18. HP: 91/112 MP: 19/36
 53397 | Spider:2 | Noticed Donald
 53498 | Spider:2 | Killed Donald
 53984 | Spider:2 | Noticed Kirke
 53991 | Spider:2 | Killed Kirke
 54159 | Spider:2 | Offered knowledge of Lehudib's Crystal Spear by Vehumet.
 54159 | Spider:2 | Offered knowledge of Shatter by Vehumet.
 54159 | Spider:2 | Offered knowledge of Polar Vortex by Vehumet.
 54966 | Spider:3 | Reached skill level 16 in Conjurations
 55145 | Spider:3 | Noticed Arachne
 55467 | Spider:3 | Killed Arachne
 55923 | Spider:3 | Noticed Aizul
 55936 | Spider:3 | Killed Aizul
 56679 | Spider:4 | Entered Level 4 of the Spider Nest
 58107 | Spider:4 | Identified the +1 robe of Hangman {rElec Regen+ Str-2}
 58571 | Spider:4 | Reached skill level 17 in Conjurations
 58703 | Spider:4 | Reached skill level 15 in Spellcasting
 58827 | Spider:4 | Noticed Agnes
 58835 | Spider:4 | Killed Agnes
 59720 | Spider:4 | Reached XP level 19. HP: 100/116 MP: 39/39
 60288 | Spider:4 | Got a gossamer rune of Zot
 60691 | Spider:4 | Upgraded the game from 0.29-a0-823-gc37b1572da to
                  | 0.29-a0-824-gd827844252
 60832 | Shoals:1 | Bought the +1 cloak of Starlight {*Dazzle EV+4 Stlth--} for
                  | 1067 gold pieces
 60832 | Shoals:1 | Found the +1 cloak of Starlight {*Dazzle EV+4 Stlth--}
 60847 | Shoals:1 | Learned a level 6 spell: Iron Shot
 60850 | Shoals:1 | Learned a level 2 spell: Sublimation of Blood
 61054 | Elf:1    | Entered Level 1 of the Elven Halls
 61054 | Elf:1    | Found the +6 Majin-Bo {vamp, MP+6 Int+6}
 61054 | Elf:1    | Found a runed translucent gate.
 61054 | Elf:1    | Found a runed translucent gate.
 61054 | Elf:1    | Found a runed translucent gate.
 61054 | Elf:1    | Found a runed translucent gate.
 61054 | Elf:1    | Found a runed translucent gate.
 61054 | Elf:1    | Found a runed translucent gate.
 61055 | Elf:1    | Found a runed translucent door.
 61060 | Elf:1    | Found a runed translucent door.
 61064 | Elf:1    | Reached skill level 18 in Conjurations
 61147 | Elf:1    | Found a large runed translucent door.
 61147 | Elf:1    | Found a large runed translucent door.
 61149 | Elf:1    | Noticed Zoiloeb's ghost (adept CeHu)
 62928 | Elf:2    | Paralysed by an air elemental for 1 turns
 63058 | Elf:2    | Noticed Azrael
 63081 | Elf:2    | Killed Azrael
 63243 | Elf:2    | Reached skill level 1 in Evocations
 63756 | Elf:2    | Found Foamuim's Neck Hole.
 63825 | Elf:2    | Found Muywk's One-of-a-Kind Rings.
 64422 | Elf:2    | Found a runed translucent gate.
 64423 | Elf:2    | Found a runed translucent gate.
 64424 | Elf:2    | Found a runed translucent gate.
 65171 | Elf:2    | Reached XP level 20. HP: 121/124 MP: 18/40
 65596 | Elf:3    | Entered Level 3 of the Elven Halls
 66125 | Elf:3    | Identified the +4 scale mail of the Curious Leylines
                  | {rElec}
 66586 | Elf:3    | Reached skill level 5 in Evocations
 66985 | Elf:3    | Identified the ring "Doyzess" {rC+ Slay+2 SInv}
 67042 | Elf:3    | Identified the ring of Henotheism {rCorr Str+8 SInv}
 67679 | Elf:3    | Identified the +2 sling of Mourning {speed, rN+ Str-3 Int+2
                  | SInv}
 67931 | Elf:3    | Got the Papyrus of Foul Charms
 68275 | Elf:3    | Found Zihatror's Book Shop.
 68888 | Vaults:1 | Entered Level 1 of the Vaults
 70616 | Vaults:1 | Reached XP level 21. HP: 132/132 MP: 41/41
 70632 | Vaults:1 | Reached skill level 1 in Summonings
 72589 | Vaults:2 | Noticed Bai Suzhen
 72868 | Vaults:2 | Identified the +4 arbalest of Havoc {flame, rElec Will-
                  | rCorr Int+3}
 73858 | Vaults:2 | Reached skill level 15 in Shields
 75183 | Vaults:2 | Found a staircase to the Crypt.
 75486 | Vaults:2 | Killed Bai Suzhen
 76085 | Vaults:3 | Reached XP level 22. HP: 137/137 MP: 33/42
 76094 | Vaults:3 | Reached skill level 15 in Armour
 77724 | Vaults:3 | Found a transporter.
 77724 | Vaults:3 | Found a transporter.
 77724 | Vaults:3 | Identified the +5 great mace "Wonod" {freeze, rC+ Dex+2
                  | SInv}
 77725 | Vaults:3 | Noticed Aclimpov's ghost (adept GrEE)
 77960 | Vaults:3 | Gained mutation: You are covered in fur. (AC +1) [potion of
                  | mutation]
 77960 | Vaults:3 | Gained mutation: You have a somewhat thin skeletal
                  | structure. (Dex +2, Stealth+) [potion of mutation]
 77960 | Vaults:3 | Lost mutation: You have a somewhat thin skeletal structure.
                  | (Dex +2, Stealth+) [potion of mutation]
 77961 | Vaults:3 | Lost mutation: You are covered in fur. (AC +1) [potion of
                  | mutation]
 77961 | Vaults:3 | Gained mutation: Armour fits poorly on your strangely
                  | shaped body. [potion of mutation]
 77961 | Vaults:3 | Gained mutation: You are dopey. (Int -2) [potion of
                  | mutation]
 77961 | Vaults:3 | Gained mutation: Your magical capacity is low. (-10% MP)
                  | [potion of mutation]
 77961 | Vaults:3 | Gained mutation: Your flesh is heat resistant. (rF+)
                  | [potion of mutation]
 77962 | Vaults:3 | Lost mutation: Your magical capacity is low. (-10% MP)
                  | [potion of mutation]
 77962 | Vaults:3 | Lost mutation: Armour fits poorly on your strangely shaped
                  | body. [potion of mutation]
 77962 | Vaults:3 | Gained mutation: You have a pair of small antennae on your
                  | head. [potion of mutation]
 77962 | Vaults:3 | Gained mutation: You are partially covered in iridescent
                  | scales. (AC +2) [potion of mutation]
 78726 | Vaults:4 | Reached skill level 1 in Necromancy
 78730 | Vaults:4 | Reached skill level 1 in Earth Magic
 79957 | Vaults:4 | Found Senac's Antique Armour Shop.
 80557 | Vaults:4 | Reached skill level 5 in Necromancy
 80937 | Depths:1 | Entered Level 1 of the Depths
 81106 | Depths:1 | Found a gateway to Hell.
 81438 | Depths:1 | Learned a level 4 spell: Dispel Undead
 81977 | Depths:1 | Found Fuovoujeci's Book Boutique.
 82003 | Depths:1 | Found Mynk's Book Emporium.
 82003 | Depths:1 | Found Riopsar's Jewellery Shoppe.
 82004 | Depths:1 | Found Jinu's Book Emporium.
 82272 | Depths:1 | Identified the +5 trident of Moral Flaws {drain, *Noise rF+
                  | rC- Will++}
 82279 | Depths:1 | Found a one-way gateway to a ziggurat.
 84259 | Depths:2 | Reached XP level 23. HP: 142/142 MP: 34/43
 84569 | Depths:2 | Found a one-way gate leading to the halls of Pandemonium.
 84650 | Depths:2 | Noticed Asterion
 84659 | Depths:2 | Killed Asterion
 85693 | Depths:3 | Found a one-way gate to the infinite horrors of the Abyss.
 85708 | Depths:3 | Reached skill level 5 in Earth Magic
 85818 | Depths:3 | Noticed Mennas
 85848 | Depths:3 | Killed Mennas
 87709 | Depths:2 | Identified the +0 cloak "Yshrylom" {rPois rC- Regen+ rCorr}
 87756 | Depths:4 | Entered Level 4 of the Depths
 88577 | Depths:4 | Noticed a golden dragon
 88679 | Depths:4 | Killed a golden dragon
 88960 | Depths:4 | Found a gate to the Realm of Zot.
 89187 | Depths:4 | Noticed a golden dragon
 89219 | Depths:4 | Killed a golden dragon
 90089 | Depths:4 | Found a basalt altar of Yredelemnul.
 90691 | Vaults:5 | Entered Level 5 of the Vaults
 90691 | Vaults:5 | Noticed Saint Roka
 90691 | Vaults:5 | Noticed Margery
 90695 | Vaults:5 | Killed Saint Roka
 90696 | Vaults:5 | Reached skill level 15 in Fighting
 90698 | Vaults:5 | Noticed a dread lich
 90698 | Vaults:5 | Killed Margery
 90699 | Vaults:5 | Reached XP level 24. HP: 151/151 MP: 29/43
 90699 | Vaults:5 | Noticed an ancient lich
 90924 | Vaults:4 | Killed an ancient lich
 90926 | Vaults:4 | Killed a dread lich
 91074 | Vaults:5 | Noticed an ancient lich
 91076 | Vaults:5 | Noticed an ancient lich
 91646 | Vaults:4 | Killed an ancient lich
 91651 | Vaults:4 | Killed an ancient lich
 92116 | Depths:1 | Bought a book of Alchemy for 532 gold pieces
 92116 | Depths:1 | Bought a manual of Staves for 1520 gold pieces
 92122 | Depths:1 | Learned a level 5 spell: Irradiate
 92125 | Depths:1 | Learned a level 2 spell: Blink
 92580 | Vaults:5 | Reached skill level 1 in Translocations
 93184 | Vaults:5 | Identified the +1 scale mail of Minor Irritation {Harm
                  | +Blink rElec rF+}
 93602 | Vaults:5 | Noticed Sojobo
 93618 | Vaults:5 | Killed Sojobo
 93913 | Vaults:5 | Identified the +1 scimitar of Menorye {spect, Contam rElec
                  | rC++ rN+}
 94859 | Vaults:5 | Noticed Jory
 94870 | Vaults:5 | Killed Jory
 95702 | Vaults:5 | Identified the +12 flail of Destiny {venom, Fly rElec rF-
                  | Int-4}
 95702 | Vaults:5 | Identified the ring "Zisais" {rF+ Will+}
 96044 | Vaults:5 | Found Koakkoh's Magic Scroll Shoppe.
 96049 | Vaults:5 | Got a silver rune of Zot
 96057 | Vaults:5 | Bought a scroll of magic mapping for 52 gold pieces
 97029 | Vaults:5 | Reached XP level 25. HP: 152/153 MP: 17/43
 97172 | Vaults:5 | Found Gauhoiha's Distillery.
 97177 | Vaults:5 | Bought a potion of heal wounds for 90 gold pieces
 97177 | Vaults:5 | Bought 2 potions of curing for 108 gold pieces
 97177 | Vaults:5 | Bought a potion of haste for 180 gold pieces
 97337 | Vaults:5 | Acquired 1203 gold pieces
 97348 | Vaults:5 | Acquired a book of the Moon
 97357 | Vaults:5 | Learned a level 4 spell: Passage of Golubria
 97365 | Vaults:5 | Learned a level 5 spell: Borgnjor's Vile Clutch
 99360 | Shoals:4 | Entered Level 4 of the Shoals
 99367 | Shoals:4 | Reached skill level 5 in Translocations
 99372 | Shoals:4 | Noticed Polyphemus
100192 | Shoals:4 | Identified the +8 falchion of the Postmodern Suns {chaos,
                  | Str-2 Int+4 Dex+2}
100560 | Shoals:4 | Identified the +6 rapier "Buaqiuj" {venom, rElec rPois
                  | rCorr Str-4}
101169 | Shoals:4 | Noticed Roxanne
101176 | Shoals:4 | Killed Roxanne
101507 | Shoals:4 | Killed Polyphemus
101766 | Shoals:4 | Got Ceet's Precepts of Twisted Charms
102216 | Shoals:4 | Got a barnacled rune of Zot
102222 | Shoals:4 | Found Myavvuam's Armour Boutique.
102274 | Shoals:4 | Noticed Louise
102288 | Shoals:4 | Killed Louise
102297 | Shoals:4 | Identified the +1 scale mail of the Painted God {Rampage
                  | *Corrode rF- Will++}
103255 | Zot:1    | Entered Level 1 of the Realm of Zot
103535 | Zot:1    | Noticed a Killer Klown
103542 | Zot:1    | Killed a Killer Klown
103543 | Zot:1    | Noticed an orb of fire
103553 | Zot:1    | Gained mutation: You are frail. (-10% HP) [an orb of fire]
103558 | Zot:1    | Gained mutation: Your magical capacity is low. (-10% MP)
                  | [an orb of fire]
103560 | Zot:1    | Reached skill level 19 in Conjurations
103561 | Zot:1    | Killed an orb of fire
105238 | Zot:5    | Entered Level 5 of the Realm of Zot
105265 | Zot:5    | Reached skill level 20 in Conjurations
105626 | Zot:5    | Reached XP level 26. HP: 97/151 MP: 14/39
106286 | Zot:5    | Noticed an ancient lich
106291 | Zot:5    | Killed an ancient lich
106435 | Zot:5    | Reached skill level 10 in Necromancy
107524 | Zot:5    | Reached skill level 21 in Conjurations
107866 | Zot:4    | HP: 14/151 [white draconian/+4 battleaxe (21)]
108991 | Zot:5    | Reached skill level 10 in Earth Magic
109701 | Zot:5    | Noticed an orb of fire
109716 | Zot:5    | Lost mutation: You have a pair of small antennae on your
                  | head. [an orb of fire]
109718 | Zot:5    | Gained mutation: You are weak. (Str -2) [an orb of fire]
109721 | Zot:5    | Killed an orb of fire
109722 | Zot:5    | Reached skill level 22 in Conjurations
109735 | Zot:5    | Noticed a Killer Klown
109916 | Zot:5    | Killed a Killer Klown
110063 | Zot:5    | Noticed an orb of fire
110065 | Zot:5    | Noticed an ancient lich
110069 | Zot:5    | Killed an ancient lich
110069 | Zot:5    | Noticed a Killer Klown
110069 | Zot:5    | Noticed a Killer Klown
110089 | Zot:5    | Gained mutation: You are very frail. (-20% HP) [an orb of
                  | fire]
110094 | Zot:5    | Gained mutation: You occasionally lose the ability to read
                  | scrolls when taking damage. [an orb of fire]
110101 | Zot:5    | Gained mutation: You have hidden genetic defects. [an orb
                  | of fire]
110103 | Zot:5    | Gained mutation: You occasionally shout uncontrollably at
                  | your foes. [an orb of fire]
110116 | Zot:5    | Killed an orb of fire
110119 | Zot:4    | Lost mutation: Your magical capacity is low. (-10% MP)
                  | [potion of mutation]
110119 | Zot:4    | Lost mutation: You are weak. (Str -2) [potion of mutation]
110119 | Zot:4    | Lost mutation: You are partially covered in iridescent
                  | scales. (AC +2) [potion of mutation]
110119 | Zot:4    | Gained mutation: You are partially covered in iridescent
                  | scales. (AC +2) [potion of mutation]
110120 | Zot:4    | Lost mutation: You are dopey. (Int -2) [potion of mutation]
110120 | Zot:4    | Lost mutation: Your flesh is heat resistant. (rF+) [potion
                  | of mutation]
110120 | Zot:4    | Lost mutation: You are partially covered in iridescent
                  | scales. (AC +2) [potion of mutation]
110120 | Zot:4    | Lost mutation: You are very frail. (-20% HP) [potion of
                  | mutation]
110121 | Zot:4    | Lost mutation: You have hidden genetic defects. [potion of
                  | mutation]
110121 | Zot:4    | Lost mutation: You occasionally lose the ability to read
                  | scrolls when taking damage. [potion of mutation]
110121 | Zot:4    | Lost mutation: You are frail. (-10% HP) [potion of
                  | mutation]
110121 | Zot:4    | Gained mutation: You are clumsy. (Dex -2) [potion of
                  | mutation]
110122 | Zot:4    | Lost mutation: You are clumsy. (Dex -2) [potion of
                  | mutation]
110122 | Zot:4    | Lost mutation: You occasionally shout uncontrollably at
                  | your foes. [potion of mutation]
110122 | Zot:4    | Gained mutation: You passively map a small area around you.
                  | [potion of mutation]
110122 | Zot:4    | Gained mutation: You have sharp fingernails. [potion of
                  | mutation]
110123 | Zot:4    | Lost mutation: You have sharp fingernails. [potion of
                  | mutation]
110123 | Zot:4    | Lost mutation: You passively map a small area around you.
                  | [potion of mutation]
110123 | Zot:4    | Gained mutation: You are clumsy. (Dex -2) [potion of
                  | mutation]
110123 | Zot:4    | Gained mutation: Your skin changes colour to match your
                  | surroundings (Stealth+). [potion of mutation]
110123 | Zot:4    | Gained mutation: A frigid envelope surrounds you and
                  | freezes all who hurt you. [potion of mutation]
110123 | Zot:4    | Gained mutation: Your flesh is heat resistant. (rF+)
                  | [potion of mutation]
110777 | Zot:5    | Killed a Killer Klown
110922 | Zot:5    | Killed a Killer Klown
111101 | Zot:5    | Reached XP level 27. HP: 167/173 MP: 30/44
112632 | Zot:5    | Noticed a dread lich
112646 | Zot:5    | Killed a dread lich
113016 | Zot:5    | Got the Orb of Zot
113224 | D:15     | Noticed Muwomiff the pandemonium lord
113392 | D:6      | Noticed Biolanei the pandemonium lord
113514 | D:$      | Escaped with the Orb!

Illustrated notes

Levels and vault maps discovered:
D:1:      minmay_arrival_doors, layout_loops_ring,
          shapermc_ecumenical_altar_rom_forum
D:2:      minmay_door_path, layout_basic
D:3:      layout_loops_ring, gup_sewer_entry_spiral, uniq_grinder
D:4:      layout_basic, minmay_temple_entry_proselytizer
D:5:      layout_loops_ring, regret_index_temple_of_mockery
D:6:      layout_basic, lemuel_round_altar, gammafunk_ghost_hive, uniq_edmund
D:7:      layout_loops_ring, nicolae_overflow_hidden_temple, uniq_menkaure
D:8:      layout_layer_cave, nicolae_evil_shop
D:9:      layout_basic, erik_orc_4, enter_bailey_7, dreamdust_gnoll_shepherd
D:10:     layout_stronghold, jmf_multi_god_temple2
D:11:     layout_small_grid, lair_entry_dummy, gammafunk_ghost_split,
          grunt_potential, uniq_urug
D:12:     layout_loops_ring
D:13:     layout_basic, gauntlet_entry_generic
D:14:     layout_basic, hangedman_vaults_entry_quadrant_bands,
          portal_ice_cave_entry_frozen_things
D:15:     hangedman_depths_entry_civil_slaughter, layout_long_grid,
          serial_park_tiny_pond, serial_undead, serial_undead_b,
          serial_undead_d, serial_undead_b, serial_undead_f,
          minmay_misc_feat_secret_circle
Temple:   kb_temple_of_zot
Lair:1:   layout_misc_corridors, uniq_grum
Lair:2:   layout_cave_shapes, nicolae_spider_entry_non_spiders,
          ebering_ghost_reflecting_pool, serial_bayou_crossing,
          infiniplex_staircase_pool, grunt_megastairs_3
Lair:3:   layout_regular_city, shoals_dummy_entry, gammafunk_ghost_ooze,
          serial_bayou, serial_bayou_pond_d, serial_bayou_ford_a,
          serial_bayou_shore_b, serial_bayou_pond_e, serial_bayou_pond_a,
          serial_bayou_lake_a, hibernation_bobbens
Lair:4:   layout_roguey, chequers_serial_rivers_micro_d, grunt_megastairs_1
Lair:5:   layout_concentric_octagons, slime_entry_1
Lair:6:   hangedman_lair_caniforms_friends, layout_gridlike,
          hangedman_lair_in_review, uniq_rupert
Shoals:1: layout_shoals, gammafunk_ghost_tricky_traps, serial_shops,
          nicolae_shop_trees, nicolae_shoals_cliffside_cave,
          nicolae_shoals_c_island
Shoals:2: layout_shoals
Shoals:3: layout_shoals, serial_shops, shop, nicolae_shoals_aquamancer_cove
Shoals:4: shoals_end_simple, layout_shoals, serial_shops,
          nicolae_shop_advertising_works [nicolae_subvault_shop_adworks],
          uniq_roxanne, uniq_louise, uniq_polyphemus
Spider:1: layout_spider_delve, nicolae_spider_nooks_and_crannies
Spider:2: layout_spider_delve, nicolae_spider_swamp_cousins, uniq_kirke,
          uniq_donald
Spider:3: layout_chambers, nicolae_spider_webs_and_nodes, drop_trap,
          einodemon_crawler_minivault, uniq_arachne, uniq_aizul
Spider:4: johnstein_spider_rune_arachne_lair, uniq_agnes
Orc:1:    layout_caves, nicolae_orc_stony_grotto
Orc:2:    pubby_orc_utopia
Elf:1:    nicolae_elf_arrival_dilemma, layout_gridlike,
          ebering_ghost_disaster_area, serial_sigils,
          serial_sigils_hangedman_clutch, serial_sigils_hangedman_snap,
          serial_sigils_hangedman_snap, serial_sigils_hangedman_stare,
          kennysheep_underground_church
Elf:2:    nicolae_elf_blades_splatter_lattice
          [nicolae_blade_entry_diamond_columns], layout_loops_cross,
          nicolae_shop_unique_rings, st_stairs_11,
          nicolae_shop_sticking_my_neck_out, uniq_azrael
Elf:3:    minmay_elf_hall_furrowed, layout_gridlike, serial_shops,
          nicolae_shop_waterfront
Vaults:1: hangedman_vaults_unwind, ontoclasm_vaults_twist, v_misc_27,
          grunt_vaults_bifocal, nicolae_vaults_quartermaster,
          hangedman_vaults_restitches, vaults_room_door_ring,
          nicolae_vaults_big_ls, vaults_mumra_minichess, layout_vaults_omnibox
Vaults:2: nicolae_vaults_stairing_the_circle, nicolae_vaults_arrows,
          ontoclasm_vaults_bender, vaults_room_pool, vaults_mumra_lcd,
          v_misc_11, v_alt_pattern_5, v_misc_10, nicolae_vaults_three_branches,
          nicolae_vaults_circle_grid_b, vaults_room_semicircle,
          ontoclasm_vaults_ring_small, layout_vaults_maze_bifur,
          minmay_crypt_entry_simple_plaza, uniq_bai_suzhen
Vaults:3: gammafunk_ghost_smash, ontoclasm_vaults_ring_small, v_misc_16,
          nicolae_vaults_alarming, ontoclasm_vaults_chip, vaults_dpeg_hooks,
          nicolae_vaults_ring_of_whatevers, nicolae_vaults_gold_heap,
          grunt_vaults_hallway_long, vaults_dpeg_ring,
          nicolae_vaults_little_squares_2, layout_vaults_omnigrid
Vaults:4: v_pattern_3, v_rooms_3, hangedman_vaults_slice,
          hangedman_vaults_river_flow, v_alt_pattern_6,
          hangedman_vaults_stagger, vaults_dpeg_encased_lava,
          ontoclasm_vaults_hangar, layout_vaults_omnicross, serial_shops, shop
Vaults:5: uniq_jory, uniq_saint_roka, uniq_margery, uniq_sojobo
Depths:1: layout_forbidden_donut, enter_ziggurat_e, grunt_mini_vestibule,
          hangedman_glass_teeth, nicolae_wooded_promenade, nicolae_benzene_ring,
          minmay_librarian
Depths:2: hangedman_arrow_trap, layout_long_grid, pf_coc_iceberg, pan_entry,
          chequers_big_river, uniq_asterion
Depths:3: dreamdust_experimentation, layout_gridlike, abyss_entry,
          pf_hell_entry_tar_spiral, firewood_loft, uniq_mennas
Depths:4: grunt_x_marks_the_spot, layout_cave_pools,
          hangedman_abyss_entry_splay, yredelemnul_altar_generic, hell_entry,
          serial_bayou_shore_a
Zot:1:    grunt_zot_stairs_mandelzot, layout_gridlike
Zot:2:    layout_basic, nicolae_lava_and_water, nicolae_shop_clearance,
          grunt_megastairs_5
Zot:3:    kennysheep_blocky_hall, layout_misc_corridors, st_stairs_10
Zot:4:    infiniplex_zot_generator, layout_basic, grunt_ministairs_11,
          zot_minivault_1
Zot:5:    layout_basic

Skill      XL: |  1  2  3  4  5  6  7  8  9 10 11 12 13 14 15 16 17 18 19 20 21 22 23 24 25 26 27 |
---------------+----------------------------------------------------------------------------------+-----
Conjurations   | 2 3 4 5 6 8 10 15 17 18 20 22 | 22.0
Air Magic      | 5 6 9 12 15 17 18 | 18.0
Spellcasting   | 3 4 6 8 10 12 13 15 16 | 16.0
Fighting       | 2 4 6 9 10 11 12 13 14 15 17 18 19 | 19.4
Dodging        | 4 8 10 13 14 15 16 17 18 | 18.0
Armour         | 5 6 10 11 14 17 18 | 18.0
Shields        | 5 12 13 14 16 18 | 18.0
Staves         | 2 10 13 14 | 14.0
Evocations     | 3 7 8 |  8.0
Summonings     | 4 |  4.0
Necromancy     | 6 8 9 11 | 11.2
Earth Magic    | 4 6 8 11 12 | 12.0
Translocations | 4 6 |  6.0
Stealth        | |  2.0

Action                   |  1- 3 |  4- 6 |  7- 9 | 10-12 | 13-15 | 16-18 | 19-21 | 22-24 | 25-27 || total
-------------------------+-------+-------+-------+-------+-------+-------+-------+-------+-------++-------
Melee: Unarmed           |     3 |       |       |       |       |       |       |       |       ||     3
       Kick              |     1 |       |     4 |     7 |    22 |    17 |    64 |   105 |    85 ||   305
       Peck              |     1 |       |     5 |     2 |    11 |    10 |    39 |    58 |    60 ||   186
       Punch             |     1 |       |       |       |       |       |       |       |       ||     1
       Short sword       |       |       |     6 |       |       |       |       |       |       ||     6
       Spear             |       |       |     5 |    15 |    21 |    20 |    76 |   209 |   158 ||   504
       Staff             |       |       |       |     1 |    18 |    15 |    48 |     7 |    21 ||   110
Throw: Dart              |       |     1 |     4 |    17 |     4 |     5 |       |     2 |       ||    33
       Throwing net      |       |       |       |       |     1 |     3 |       |       |       ||     4
 Cast: Shock             |    57 |   128 |   252 |   331 |   123 |     2 |       |       |       ||   893
       Static Discharge  |       |     5 |    45 |    90 |   286 |   141 |    56 |    37 |       ||   660
       Airstrike         |       |       |       |    88 |   375 |   471 |   385 |   179 |   136 ||  1634
       Swiftness         |       |       |       |       |     2 |     2 |       |     2 |     6 ||    12
       Conjure Ball Ligh |       |       |       |       |     5 |    76 |    87 |    52 |     9 ||   229
       Summon Lightning  |       |       |       |       |       |     9 |    17 |    30 |     8 ||    64
       Lightning Bolt    |       |       |       |       |       |     9 |   119 |   141 |    26 ||   295
       Orb of Destructio |       |       |       |       |       |    21 |    22 |   202 |   198 ||   443
       Dispel Undead     |       |       |       |       |       |       |       |    27 |     1 ||    28
       Iron Shot         |       |       |       |       |       |       |       |    73 |   123 ||   196
       Irradiate         |       |       |       |       |       |       |       |    21 |   140 ||   161
       Borgnjor's Vile C |       |       |       |       |       |       |       |       |     6 ||     6
       Sublimation of Bl |       |       |       |       |       |       |       |       |     4 ||     4
Evoke: Wand              |       |       |     7 |    30 |     8 |     2 |     4 |     5 |     4 ||    60
       Phantom mirror    |       |       |       |       |       |     2 |     1 |     4 |     4 ||    11
       Tin of tremorston |       |       |       |       |       |     2 |     3 |     5 |     8 ||    18
       Condenser vane    |       |       |       |       |       |       |     3 |     4 |     6 ||    13
       Phial of floods   |       |       |       |       |       |       |     2 |     4 |     3 ||     9
       Box of beasts     |       |       |       |       |       |       |     1 |     5 |     8 ||    14
       Lightning rod     |       |       |       |       |       |       |       |     6 |     9 ||    15
  Use: Scroll            |       |     8 |     8 |    11 |    10 |    17 |     6 |    13 |    14 ||    87
       Potion            |       |     1 |     5 |     1 |     9 |     5 |     3 |    11 |    30 ||    65
 Stab: Paralysed         |       |       |     6 |     8 |       |       |       |     2 |       ||    16
       Petrified         |       |       |       |       |     5 |       |       |       |       ||     5
       Distracted        |       |       |       |       |       |       |       |     2 |       ||     2
Armor: Robe              |     6 |     6 |    10 |       |       |       |       |       |       ||    22
       Leather armour    |       |       |     1 |    44 |    46 |       |       |       |       ||    91
       Chain mail        |       |       |       |       |     3 |    49 |       |       |       ||    52
       Troll leather arm |       |       |       |       |       |    57 |    17 |       |       ||    74
       Scale mail        |       |       |       |       |       |       |    15 |     2 |       ||    17
       Ice dragon scales |       |       |       |       |       |       |       |    93 |   201 ||   294
       Skin              |       |       |       |       |       |       |       |     2 |       ||     2
Dodge: Dodged            |    17 |    12 |    84 |   195 |   226 |   323 |   165 |   289 |   477 ||  1788
Block: Kite shield       |       |       |       |       |   263 |   434 |   313 |   448 |   658 ||  2116
       Reflection        |       |       |       |       |     8 |    53 |    94 |    60 |    38 ||   253

Table legend: (Time is in decaauts)
 A = Elapsed time spent in this place.
 B = Non-inter-level travel time spent in this place.
 C = Inter-level travel time spent in this place.
 D = Time resting spent in this place.
 E = Time spent auto-exploring this place.
 F = Levels seen in this place.
 G = Mean time per level.
                   A        B        C        D        E       F      G
               +--------+--------+--------+--------+--------+-----+--------+
         Total | 109265 |  99776 |   9489 |  31316 |  54774 |  53 | 2061.6 |
       Dungeon |  24761 |  21623 |   3138 |   5626 |  13183 |  15 | 1650.7 |
        Temple |    129 |     94 |     35 |      0 |     82 |   1 |  129.0 |
          Lair |  13851 |  12416 |   1435 |   3384 |   7619 |   6 | 2308.5 |
        Shoals |   9751 |   9322 |    429 |   2733 |   5437 |   4 | 2437.8 |
   Spider Nest |   9241 |   8216 |   1025 |   2032 |   5162 |   4 | 2310.2 |
  Orcish Mines |   4745 |   4248 |    497 |   1037 |   2713 |   2 | 2372.5 |
   Elven Halls |   7240 |   6970 |    270 |   2019 |   3839 |   3 | 2413.3 |
        Vaults |  17163 |  15883 |   1280 |   3712 |   9686 |   5 | 3432.6 |
        Depths |  10341 |   9458 |    883 |   4120 |   4206 |   4 | 2585.2 |
           Zot |   8886 |   8393 |    493 |   6004 |    925 |   5 | 1777.2 |
         Sewer |    867 |    867 |      0 |      4 |    741 |   1 |  867.0 |
        Bailey |    594 |    594 |      0 |    150 |    314 |   1 |  594.0 |
      Ice Cave |   1177 |   1177 |      0 |    488 |    438 |   1 | 1177.0 |
      Gauntlet |    514 |    514 |      0 |      4 |    421 |   1 |  514.0 |
               +--------+--------+--------+--------+--------+-----+--------+

Top non-repeatable levels by time:
   Zot:5: 5915 daAuts
Vaults:5: 4860 daAuts
  Lair:6: 4644 daAuts
   Orc:2: 4015 daAuts
Vaults:1: 3602 daAuts
Spider:3: 3341 daAuts
Vaults:2: 3134 daAuts
Shoals:1: 3127 daAuts
Depths:3: 3083 daAuts
   Elf:2: 3019 daAuts
Shoals:4: 2984 daAuts
Vaults:4: 2834 daAuts
Vaults:3: 2731 daAuts
    D:14: 2685 daAuts
Depths:4: 2676 daAuts
